Map: 필러스 오브 골드 - 래더

Players

maru - Winner!

  • Race: Terran Terran
  • Spawn Location: 1:00

Lambo

  • Race: Zerg Zerg
  • Spawn Location: 7:00

Event: War Chest Team League

VOD

Have the link to the VOD?

Description

Time

  • Played on: Aug. 9, 2020, 7:52 a.m.
  • Length: 19:28
Show
View Real Time Build Order
Export as new Build Order

maru Terran - Winner!

Build Orders:  

Get SALT Encoding   

  12  0:00  SCV  
  13  0:12  SCV  
  14  0:19  Supply Depot  
  14  0:24  SCV  
  15  0:41  Barracks  
  15  0:52  Barracks  
  15  0:56  SCV  
  16  1:08  SCV  
  16  1:09  Refinery  
  17  1:20  SCV  
  18  1:28  Marine  
  18  1:32  Orbital Command  
  19  1:40  Marine  
  19  1:42  Supply Depot  
  19  1:46  Marine  
  21  1:57  Marine  
  21  1:59  SCV  
  23  2:10  Bunker  
  23  2:11  SCV  
  23  2:12  Marine  
  25  2:15  Marine  
  26  2:23  Factory  
  26  2:25  SCV  
  25  2:38  SCV  
  25  2:50  SCV  
  21  2:59  Command Center  
  21  3:02  SCV  
  22  3:07  Hellion  
  22  3:11  Starport  
  24  3:14  SCV  
  24  3:15  Refinery  
  25  3:26  SCV  
  26  3:29  Supply Depot  
  26  3:30  Factory Reactor  
  26  3:38  SCV  
  27  3:50  Viking, SCV  
  30  4:01  Barracks Tech Lab  
  30  4:07  Hellion x2, SCV  
  35  4:15  Fusion Core  
  35  4:19  SCV  
  36  4:27  Refinery  
  36  4:30  Hellion x2  
  40  4:31  SCV  
  40  4:35  Orbital Command  
  41  4:43  SCV  
  42  4:51  Supply Depot  
  46  4:53  Hellion x2  
  46  4:56  SCV  
  47  5:03  SCV  
  48  5:11  SCV  
  49  5:17  Battlecruiser  
  55  5:24  Supply Depot, SCV  
  55  5:27  SCV  
  57  5:37  SCV  
  57  5:39  SCV  
  59  5:45  Command Center  
  59  5:49  Supply Depot  
  59  5:51  SCV  
  59  5:53  Armory  
  59  5:56  Hellion  
  62  5:58  Hellion  
  62  6:00  SCV  
  62  6:04  SCV  
  66  6:11  Supply Depot  
  66  6:12  SCV  
  66  6:13  Weapon Refit  
  66  6:16  Supply Depot  
  66  6:17  SCV  
  68  6:25  Hellion x2  
  72  6:28  SCV  
  72  6:29  SCV  
  74  6:41  Battlecruiser  
  74  6:44  SCV  
  74  6:45  SCV  
  74  6:46  Refinery  
  82  6:50  Hellion  
  84  6:57  SCV  
  79  7:03  SCV  
  79  7:05  Orbital Command  
  72  7:10  Hellion  
  72  7:11  Factory  
  72  7:12  Hellion  
  72  7:16  Factory  
  72  7:22  SCV x2  
  74  7:25  Engineering Bay, Terran Vehicle Weapons Level 1  
  74  7:28  Armory  
  74  7:30  Orbital Command  
  74  7:31  Hellion  
  74  7:33  Hellion  
  74  7:34  SCV x2  
  80  7:45  Battlecruiser  
  80  7:46  SCV  
  80  7:48  SCV  
  88  7:56  SCV  
  89  7:58  SCV  
  89  7:59  Hellion x2, Factory Tech Lab  
  89  8:00  SCV  
  89  8:04  Missile Turret  
  95  8:06  Missile Turret  
  95  8:08  SCV  
  95  8:10  SCV  
  97  8:12  SCV  
  97  8:15  Factory Tech Lab  
  97  8:17  Terran Vehicle And Ship Armor Level 1  
  98  8:20  SCV  
  98  8:22  SCV  
  98  8:23  Supply Depot  
  98  8:24  Supply Depot  
  98  8:25  Siege Tank, SCV  
  104  8:32  SCV  
  105  8:34  SCV  
  105  8:35  Refinery  
  105  8:36  Refinery  
  105  8:37  SCV  
  105  8:38  Missile Turret  
  107  8:44  SCV  
  107  8:45  Hellion, Siege Tank  
  107  8:47  SCV  
  114  8:49  SCV  
  111  8:56  SCV  
  111  8:57  Siege Tank  
  111  8:59  SCV  
  111  9:01  SCV  
  109  9:06  Hellion  
  109  9:07  Hellion  
  109  9:08  SCV  
  114  9:11  SCV  
  114  9:14  Infernal Pre-Igniter, Supply Depot, Mag-Field Accelerator  
  115  9:17  Siege Tank  
  115  9:22  Missile Turret  
  118  9:28  Command Center  
  118  9:29  Terran Vehicle Weapons Level 2, Siege Tank  
  118  9:30  SCV  
  118  9:31  SCV  
  122  9:39  Factory  
  122  9:40  Factory  
  122  9:44  Missile Turret  
  122  9:50  SCV x3  
  122  9:52  Battlecruiser  
  131  10:00  Supply Depot  
  131  10:01  Supply Depot x2  
  131  10:08  Hellion  
  131  10:13  Supply Depot  
  133  10:14  Terran Vehicle And Ship Armor Level 2  
  133  10:19  Hellion  
  133  10:20  Cyclone  
  132  10:21  Cyclone  
  132  10:26  Factory Reactor  
  132  10:27  Factory Tech Lab, SCV x3  
  132  10:33  Command Center  
  132  10:36  Smart Servos  
  132  10:39  SCV  
  132  10:41  Hellion x2  
  137  10:46  SCV  
  138  10:50  Missile Turret  
  138  10:53  Siege Tank  
  138  10:55  Siege Tank x2  
  138  10:57  SCV  
  148  10:59  SCV  
  148  11:00  SCV  
  148  11:01  Missile Turret  
  148  11:03  Missile Turret  
  150  11:08  Supply Depot  
  150  11:12  Sensor Tower  
  150  11:19  Planetary Fortress  
  150  11:24  Hellion  
  150  11:25  Hellion, Refinery, Cyclone  
  156  11:26  Refinery  
  156  11:27  Cyclone x2  
  156  11:32  Supply Depot  
  162  11:47  Factory  
  162  11:48  Factory x2  
  162  11:50  Hellion  
  162  11:51  Hellion  
  162  11:52  Hellion x2  
  170  11:57  Cyclone  
  173  12:15  Sensor Tower  
  173  12:17  Missile Turret  
  173  12:19  Missile Turret  
  173  12:20  Cyclone x2  
  178  12:29  Planetary Fortress  
  177  12:34  Hellion, Cyclone  
  177  12:35  Factory Reactor, Factory Tech Lab x2  
  182  12:48  SCV x2  
  179  12:52  Cyclone x2  
  179  12:53  Cyclone x2  
  191  13:02  Missile Turret  
  191  13:03  Missile Turret  
  191  13:06  Cyclone  
  194  13:19  Hellion  
  196  13:24  Hellion x10, Cyclone  
  196  13:25  Missile Turret  
  196  13:26  Command Center, Missile Turret  
  199  13:34  Cyclone x2  
  199  13:41  Terran Vehicle And Ship Armor Level 3, Terran Vehicle Weapons Level 3  
  199  13:57  Command Center x2  
  195  14:18  Command Center, Cyclone  
  193  14:35  Cyclone x3  
  193  14:36  Cyclone  
  193  14:37  Hellion x2, Battlecruiser  
  154  14:50  Cyclone  
  154  14:52  Hellion  
  161  15:07  Hellion x4, Cyclone x3  
  161  15:08  Cyclone  
  161  15:12  Orbital Command  
  177  15:22  Cyclone  
  180  15:30  Orbital Command  
  180  15:35  Hellion x3  
  186  15:39  Siege Tank, Cyclone x2  
  186  15:40  Cyclone  
  198  15:53  Sensor Tower  
  198  15:58  Hellion  
  192  16:09  Hellion x2, Siege Tank  
  186  16:11  Cyclone, Siege Tank x2  
  186  16:12  Cyclone  
  185  16:22  Hellion x4  
  183  16:31  Hellion x2  
  184  16:41  Siege Tank  
  184  16:43  Cyclone x2, Siege Tank  
  184  16:45  Cyclone  
  174  17:13  Cyclone  
  174  17:15  Cyclone x3  
  176  17:17  Cyclone  
  176  17:18  Hellion  
  172  17:29  Planetary Fortress  
  166  17:35  Hellion  
  166  17:36  Hellion x4  
  176  17:40  Planetary Fortress  
  176  17:42  Hellion  
  178  17:45  Cyclone  
  178  17:47  Cyclone x3, SCV x3  
  178  17:49  Cyclone  
  192  17:51  SCV  
  192  17:57  Hellion x2  
  197  18:01  Hellion  
  193  18:16  Hellion  
  193  18:17  Cyclone  
  193  18:19  Cyclone x2  
  199  18:20  Cyclone  
  197  18:31  Missile Turret  
  197  18:33  Missile Turret x2  
  197  18:36  Cyclone  
  200  18:45  Command Center  
  200  18:46  Command Center  
  187  18:58  Hellion  
Show
View Real Time Build Order
Export as new Build Order

Lambo Zerg 

Build Orders: Hatch First 

Get SALT Encoding   

  12  0:00  Drone  
  13  0:12  Overlord  
  13  0:17  Drone  
  14  0:31  Drone x2  
  16  0:50  Hatchery  
  16  0:52  Drone  
  16  0:56  Drone  
  17  1:00  Drone  
  18  1:09  Extractor  
  17  1:15  Spawning Pool  
  16  1:18  Drone  
  16  1:24  Drone  
  19  2:03  Zergling x2  
  19  2:04  Zergling x6  
  19  2:05  Queen x2  
  26  2:13  Zergling x2  
  26  2:25  Zergling x4  
  28  2:34  Drone  
  28  2:37  Drone  
  25  2:47  Drone x2  
  27  2:54  Extractor  
  27  2:57  Overlord  
  26  3:01  Drone  
  27  3:07  Drone  
  28  3:16  Drone  
  28  3:19  Drone x2  
  31  3:21  Drone x2  
  31  3:24  Drone  
  34  3:31  Overlord  
  34  3:35  Drone  
  34  3:39  Drone  
  36  3:51  Drone x4  
  36  3:52  Drone  
  41  3:56  Drone  
  41  3:57  Drone  
  43  4:03  Overlord  
  43  4:07  Metabolic Boost  
  43  4:10  Drone  
  43  4:21  Hatchery  
  43  4:23  Drone  
  43  4:25  Drone  
  43  4:26  Drone  
  43  4:27  Drone  
  46  4:31  Overlord  
  46  4:36  Overlord  
  46  4:46  Overlord  
  46  4:49  Queen x2  
  46  4:52  Drone  
  51  4:57  Drone x2  
  53  5:00  Baneling Nest, Drone  
  53  5:01  Drone  
  53  5:03  Drone  
  55  5:08  Zergling x2  
  55  5:09  Overlord  
  55  5:10  Drone x2  
  58  5:21  Zergling x2  
  59  5:24  Queen  
  59  5:28  Drone x2  
  63  5:31  Queen  
  63  5:35  Queen, Spore Crawler  
  67  5:39  Drone x2  
  67  5:41  Zergling x2  
  67  5:42  Overlord  
  69  5:43  Drone x2  
  69  5:46  Spore Crawler  
  69  5:48  Drone x2  
  72  5:52  Spore Crawler  
  72  5:53  Drone  
  72  5:54  Drone  
  73  5:57  Drone x2  
  73  5:59  Drone  
  73  6:03  Lair  
  75  6:05  Extractor  
  75  6:06  Zergling x2  
  75  6:08  Extractor  
  75  6:09  Overlord, Drone  
  75  6:10  Drone  
  76  6:13  Drone  
  76  6:15  Overlord  
  76  6:16  Drone  
  76  6:17  Drone  
  76  6:18  Drone  
  80  6:19  Drone  
  80  6:23  Overlord  
  80  6:25  Overlord  
  81  6:26  Overlord  
  81  6:28  Drone x2  
  83  6:33  Evolution Chamber  
  83  6:34  Drone x2  
  83  6:35  Zergling x2  
  83  6:36  Evolution Chamber  
  83  6:38  Zergling x2  
  83  6:39  Zergling x4  
  87  6:44  Baneling x2  
  87  6:47  Baneling, Zergling x2  
  87  6:51  Overlord  
  87  6:54  Zergling x6  
  87  6:59  Baneling x2  
  87  7:01  Queen  
  90  7:03  Queen  
  90  7:04  Zergling x4  
  87  7:10  Drone x3  
  87  7:13  Extractor  
  86  7:17  Drone x3  
  86  7:18  Extractor  
  86  7:19  Drone x2, Spire  
  86  7:20  Extractor, Drone  
  86  7:22  Drone  
  90  7:32  Drone x6  
  90  7:34  Roach Warren  
  90  7:36  Queen  
  97  7:38  Baneling x2  
  97  7:43  Queen  
  99  7:46  Hatchery  
  99  7:48  Overlord  
  99  7:50  Drone  
  100  7:52  Overlord  
  100  7:57  Queen  
  100  8:03  Hatchery  
  100  8:05  Drone x5  
  103  8:07  Overlord  
  103  8:09  Overlord  
  103  8:12  Queen  
  101  8:16  Drone x7  
  101  8:18  Glial Reconstitution  
  101  8:19  Queen  
  109  8:24  Overlord  
  109  8:28  Zerg Melee Weapons Level 1, Zerg Missile Weapons Level 1  
  109  8:31  Corruptor x2  
  113  8:37  Corruptor  
  115  8:44  Corruptor x3  
  117  8:48  Zergling x8  
  117  8:51  Overlord  
  112  8:56  Zergling x10  
  112  9:01  Drone x3  
  108  9:06  Drone  
  108  9:08  Drone  
  109  9:12  Roach, Spore Crawler  
  110  9:17  Drone x2  
  112  9:28  Drone x4  
  112  9:30  Roach  
  118  9:32  Roach  
  120  9:38  Drone x5  
  120  9:41  Centrifical Hooks  
  120  9:42  Corruptor x2, Zerg Flyer Weapons Level 1  
  120  9:43  Corruptor  
  131  9:46  Roach x2  
  131  9:50  Roach  
  131  9:51  Ravager x2  
  131  9:52  Drone  
  140  9:54  Extractor  
  140  9:55  Extractor  
  140  9:58  Baneling x2  
  140  9:59  Roach x2  
  142  10:00  Hatchery  
  142  10:03  Drone x4  
  142  10:05  Drone x2  
  147  10:11  Corruptor x2  
  147  10:12  Overseer  
  147  10:14  Overlord  
  151  10:15  Overlord  
  151  10:20  Drone x5  
  145  10:25  Drone x4  
  147  10:31  Drone x3  
  147  10:32  Roach x2  
  154  10:39  Drone x2  
  154  10:40  Drone  
  154  10:41  Overlord  
  154  10:42  Ravager x6  
  163  10:45  Roach x3  
  169  10:53  Roach x2  
  169  10:54  Roach  
  169  10:56  Overlord  
  175  10:57  Overlord  
  175  11:01  Ravager x2  
  175  11:02  Zerg Melee Weapons Level 2  
  176  11:06  Corruptor, Spine Crawler  
  176  11:10  Overlord  
  177  11:12  Overlord  
  177  11:14  Overlord  
  177  11:15  Corruptor x2  
  175  11:19  Drone x3  
  175  11:20  Drone x4  
  175  11:21  Drone x3  
  185  11:28  Infestation Pit  
  185  11:31  Ravager x3, Spine Crawler  
  186  11:37  Zerg Missile Weapons Level 2  
  186  11:43  Zergling x14  
  186  11:44  Baneling x2  
  193  11:53  Zerg Flyer Weapons Level 2  
  193  11:57  Hatchery  
  193  12:00  Baneling x11  
  191  12:03  Baneling x3  
  191  12:06  Extractor  
  191  12:07  Corruptor, Spine Crawler  
  191  12:08  Spore Crawler  
  191  12:09  Overlord  
  191  12:11  Zergling x20  
  191  12:12  Baneling x3  
  197  12:26  Overlord  
  197  12:29  Hive, Pneumatized Carapace  
  196  12:31  Zergling x6  
  196  12:33  Baneling x6  
  196  12:34  Baneling x4  
  198  12:46  Zergling x24  
  198  12:50  Corruptor x3  
  189  12:55  Corruptor  
  189  12:56  Corruptor  
  183  12:58  Drone x3  
  183  13:02  Corruptor  
  183  13:04  Zergling x14  
  195  13:06  Baneling x4  
  190  13:18  Hatchery  
  188  13:33  Hatchery, Spine Crawler  
  187  13:34  Drone x8  
  187  13:35  Drone  
  187  13:40  Baneling x17  
  196  13:43  Roach x4  
  196  13:47  Baneling x14, Zergling x2  
  199  13:54  Baneling x6  
  198  14:04  Zergling x2  
  198  14:16  Extractor, Spine Crawler  
  194  14:18  Spine Crawler  
  194  14:19  Extractor  
  194  14:20  Ravager x5  
  194  14:21  Zergling x2  
  194  14:22  Zergling x16  
  200  14:27  Hatchery  
  195  14:35  Roach x12  
  188  14:38  Roach x2  
  188  14:41  Zergling x2, Roach  
  178  14:56  Zergling x22  
  186  15:02  Ravager x6, Hatchery  
  191  15:09  Baneling x8  
  191  15:12  Drone x3  
  194  15:16  Corruptor  
  194  15:18  Queen  
  198  15:21  Zerg Melee Weapons Level 3  
  198  15:27  Zergling x2  
  199  15:29  Baneling  
  199  15:30  Baneling x8  
  199  15:43  Baneling x10  
  198  15:50  Zergling x4  
  188  16:04  Corruptor x4  
  188  16:09  Zergling x30  
  195  16:14  Zergling x12, Roach x6  
  195  16:16  Zergling x2  
  195  16:21  Zergling x4, Roach x4  
  195  16:22  Zergling x6  
  197  16:26  Roach  
  197  16:29  Roach x2  
  189  16:34  Roach  
  189  16:35  Roach x2  
  189  16:36  Baneling x2  
  189  16:37  Ravager x6  
  198  16:40  Baneling  
  198  16:41  Baneling x7  
  198  16:43  Zergling x4  
  198  16:46  Zerg Missile Weapons Level 3  
  198  16:47  Overlord  
  198  16:50  Overlord  
  198  16:56  Overlord  
  198  16:58  Queen  
  198  17:00  Corruptor x4  
  199  17:03  Corruptor  
  199  17:05  Zergling x2  
  199  17:06  Zergling x2  
  188  17:09  Zergling x14  
  188  17:13  Zergling x4  
  188  17:15  Zergling x4  
  189  17:21  Zergling x2  
  176  17:28  Roach x4  
  178  17:30  Queen x2  
  182  17:38  Corruptor x2  
  182  17:42  Zergling x8  
  186  17:44  Baneling x4  
  186  17:45  Baneling x4  
  186  17:47  Corruptor  
  186  17:50  Hatchery  
  172  17:51  Zergling x6  
  172  17:54  Zergling x2  
  172  17:55  Zergling x2  
  172  17:57  Baneling  
  172  17:58  Baneling x7  
  173  18:04  Zergling x4  
  175  18:07  Zergling x6  
  175  18:11  Zergling x2  
  175  18:12  Zergling x4  
  162  18:15  Zergling x6  
  162  18:19  Baneling x4  
  161  18:21  Pathogen Glands  
  161  18:25  Ravager x4  
  160  18:28  Roach x3  
  166  18:40  Drone x3  
  169  18:49  Hatchery  
  169  18:53  Roach  
  148  19:00  Roach x2  
  148  19:01  Roach  
  148  19:02  Ravager x2  
  150  19:04  Baneling x4  
  150  19:09  Extractor x2  
Tags
 
Add a new tag
Caveats
  • Supply blocks, unpowered buildings, or Contaminate may cause inaccurate times.
  • Supply counts are checked every 10 seconds.